 Dungeon Crawl Stone Soup version 0.21.1-1-g345015f (webtiles) character file.

58 inc the Conjurer (level 3, 14/14 HPs)
             Began as a Felid Venom Mage on Mar 4, 2018.
             Quit the game on level 4 of the Dungeon.
             The game lasted 00:06:30 (4198 turns).

inc the Conjurer (Felid Venom Mage)                 Turns: 4198, Time: 00:06:31

Health: 14/14      AC:  1    Str:  4    XL:     3   Next: 75%
Magic:  7/7        EV: 18    Int: 17    God:
Gold:   228        SH:  0    Dex: 16    Spells: 5/6 levels left
                                        Lives:  0   Deaths: 1

rFire    . . .     SeeInvis +   (weapon unavailable)
rCold    . . .     Gourm    .   (shield unavailable)
rNeg     . . .     Faith    .   (armour unavailable)
rPois    .         Spirit   .   (helmet unavailable)
rElec    .         Reflect  .   (cloak unavailable)
rCorr    .         Harm     .   (gloves unavailable)
MR       .....                  (boots unavailable)
Stlth    +++.......             l - amulet of inaccuracy (curse)
HPRegen  0.04/turn              (no ring)
MPRegen  0.10/turn              (no ring)

@: quick
A: very small, no armour, no weapons or thrown items, stealth, claws 1, fangs 3,
see invisible, carnivore, speed 1, shaggy fur 1, slow metabolism 1, sharp paws
a: no special abilities


You were on level 4 of the Dungeon.
You were not hungry.

You visited 1 branch of the dungeon, and saw 4 of its levels.

You collected 228 gold pieces.

Inventory:

Jewellery
 l - a cursed amulet of inaccuracy (around neck)
 r - an uncursed ring of wizardry {unknown}
Wands
 q - a wand of random effects (22)
Scrolls
 e - 3 scrolls of identify {unknown}
 m - a scroll of enchant armour {unknown}
 n - a scroll of fear {unknown}
 p - 2 scrolls of teleportation {unknown}
Potions
 c - a potion of agility {unknown}
 d - a potion of haste {unknown}
 f - a potion of heal wounds {unknown}
 g - 3 potions of flight {unknown}
 h - a potion of invisibility {unknown}
 i - a potion of lignification {unknown}
 j - a potion of brilliance {unknown}
 k - a potion of mutation {unknown}
 o - a potion of might {unknown}
Books
 a - a Young Poisoner's Handbook

   Spells                             Type                      Level
   a - Sting                          Conjuration/Poison           1
   b - Poisonous Vapours              Poison/Air                   2
   c - Mephitic Cloud                 Conjuration/Poison/Air       3
   d - Olgreb's Toxic Radiance        Poison                       4
   e - Venom Bolt                     Conjuration/Poison           5
Comestibles
 b - 8 rations


   Skills:
 - Level 2.6 Dodging
 - Level 2.6 Stealth
 + Level 0.1 Unarmed Combat
 - Level 2.0 Spellcasting
 - Level 4.2 Conjurations
 - Level 2.6 Poison Magic


You had 5 spell levels left.
You knew the following spells:

 Your Spells              Type           Power        Failure   Level  Hunger
a - Sting                 Conj/Pois      ##..         4%          1    #......


Dungeon Overview and Level Annotations

Branches:
Dungeon (4/15)
 Temple: D:4-7

Altars:
Nemelex Xobeh
Trog
Uskayaw


Innate Abilities, Weirdness & Mutations

You cannot wear armour.
You are incapable of wielding weapons or throwing items.
Your paws allow you to move quietly. (Stealth)
You have sharp claws.
You have razor-sharp teeth.
You have supernaturally acute eyesight. (SInv)
You are carnivorous and can eat meat at any time.
You cover ground quickly.
You are covered in fur. (AC +1)
You have a slow metabolism.
Your sharp claws are effective at attacking unaware monsters.


Message History

* * * LOW HITPOINT WARNING * * *
Okay, then.
Casting: Sting
Confirm with . or Enter, or press ? or * to list all spells.
Aiming: Sting
Press: ? - help, Shift-Dir - straight line, f/p - orc wizard
Aim: an orc wizard, wielding a dagger and wearing a robe (lightly wounded, fast, slightly transparent)
The sting hits the orc wizard.
The orc wizard is poisoned.
The orc wizard is moderately wounded.
The orc wizard misses you. The orc wizard barely misses you.
Casting: Sting
Confirm with . or Enter, or press ? or * to list all spells.
You don't have enough magic to cast that spell.
Unknown command.
The orc wizard gestures at you while chanting.
The magic dart hits you!
You die...
You are now level 3!
You rejoin the land of the living...
Are you sure you want to abandon this character and quit the game? (Confirm with "yes".)

#..........#.....#.....#
#..........#.....#.....#
#....##...##.....####'##
#....##...######.......#
#..........#...#.......'
#....##....#...#.......#
#######....#...#.......#
#....##...###..#.......#
#....##@..###..#####....
#....#......#......'....
#....#......'......#....
#....#......#......#....
#....'......#......#.(..
#....########.##...#....
#....## ####...#####
#.....# #....#....
#.....# #....'....


There were no monsters in sight!

Vanquished Creatures
  A worker ant (D:4)
  2 adders
  2 worms
  2 leopard geckos
  8 orcs
  5 giant cockroaches
  8 hobgoblins
  2 quokkas (D:3)
  2 ball pythons (D:3)
  5 bats
  4 frilled lizards
  6 goblins
  7 kobolds
  6 rats
60 creatures vanquished.

Notes
Turn   | Place    | Note
-------+----------+-------------------------------------------
     0 | D:1      | inc the Felid Venom Mage began the quest for the Orb.
     0 | D:1      | Reached XP level 1. HP: 7/7 MP: 4/4
    24 | D:1      | Reached skill level 1 in Conjurations
   332 | D:1      | Reached XP level 2. HP: 11/11 MP: 0/6
   417 | D:1      | Reached skill level 2 in Conjurations
  1815 | D:2      | Reached XP level 3. HP: 14/14 MP: 4/7
  1833 | D:2      | Reached skill level 3 in Conjurations
  2046 | D:2      | Found a bloodstained altar of Trog.
  3196 | D:3      | Reached XP level 4. HP: 18/18 MP: 3/8
  3881 | D:4      | Found a sparkling altar of Nemelex Xobeh.
  3881 | D:4      | Found a hide-covered altar of Uskayaw.
  3936 | D:4      | Reached skill level 4 in Conjurations
  4197 | D:4      | Killed from afar by an orc wizard
  4198 | D:4      | Reached XP level 3. HP: -1/14 MP: 1/7
  4198 | D:4      | Quit the game

Skill      XL: |  1  2  3  4 |
---------------+-------------+-----
Conjurations   | 1 2 3 4 |  4.2
Dodging        | |  2.6
Stealth        | |  2.6
Unarmed Combat | |  0.1
Spellcasting   | |  2.0
Poison Magic   | |  2.6

Action                   |  1- 3 |  4- 6 || total
-------------------------+-------+-------++-------
Melee: Unarmed           |    14 |     1 ||    15
       Bite              |     2 |       ||     2
 Cast: Sting             |   127 |    47 ||   174
  Use: Scroll            |     2 |       ||     2
 Stab: Sleeping          |     1 |       ||     1
  Eat: Chunk             |    12 |     2 ||    14
Armor: Skin              |     3 |     1 ||     4
Dodge: Dodged            |    48 |    12 ||    60
